Map: Echo LE (Void)

Players

Musumeci - Winner!

  • Race: Zerg Zerg
  • League: Diamond
  • Spawn Location: 5:00

sumu

  • Race: Terran Terran
  • League: Diamond
  • Spawn Location: 11:00

VOD

Have the link to the VOD?

Description

Time

  • Played on: Jan. 8, 2017, 8:19 a.m.
  • Length: 20:00
Show
View Real Time Build Order
Export as new Build Order

Musumeci Zerg - Winner!

Build Orders: Hatch First 

Get SALT Encoding   

  12  0:00  Drone  
  13  0:08  Drone  
  13  0:13  Extractor  
  13  0:15  Drone  
  15  0:41  Hatchery  
  14  0:48  Extractor  
  14  0:49  Drone  
  15  1:01  Spawning Pool  
  14  1:08  Extractor  
  14  1:09  Drone  
  14  1:10  Extractor  
  13  1:12  Drone  
  16  1:19  Overlord  
  16  1:37  Drone x2  
  18  1:41  Drone  
  19  1:47  Queen  
  19  1:52  Queen  
  23  1:54  Drone  
  23  1:57  Drone  
  25  2:02  Overlord  
  25  2:06  Drone  
  26  2:13  Drone  
  26  2:15  Drone  
  28  2:23  Queen  
  28  2:29  Extractor  
  29  2:31  Queen  
  29  2:33  Drone  
  29  2:35  Overlord  
  33  2:40  Drone  
  33  2:41  Drone  
  34  2:47  Drone  
  34  2:48  Drone  
  36  2:55  Overlord  
  36  3:11  Drone x7  
  43  3:15  Extractor  
  43  3:16  Extractor  
  43  3:18  Roach Warren  
  40  3:30  Drone  
  40  3:31  Drone x2  
  40  3:33  Hatchery  
  42  3:46  Overlord  
  42  3:47  Overlord  
  42  3:53  Drone  
  43  3:56  Drone x3  
  46  4:15  Roach x4  
  54  4:20  Evolution Chamber  
  54  4:21  Evolution Chamber  
  52  4:29  Roach  
  52  4:30  Roach  
  56  4:31  Drone  
  56  4:33  Drone x3, Extractor  
  56  4:37  Drone  
  60  4:38  Drone x2  
  60  4:39  Extractor  
  60  4:45  Drone x2  
  63  5:04  Spore Crawler x2  
  63  5:05  Spore Crawler  
  63  5:06  Spore Crawler  
  59  5:25  Zerg Ground Armor Level 1, Zerg Missile Weapons Level 1  
  59  5:27  Lair  
  59  5:30  Drone x14  
  73  5:43  Overlord x2  
  73  5:44  Overlord  
  73  6:11  Drone x3  
  73  6:12  Drone  
  77  6:21  Ravager x3  
  79  6:50  Extractor x2  
  79  6:53  Drone x3  
  79  6:54  Drone x2  
  81  6:55  Drone x2  
  81  6:56  Drone x3  
  81  6:58  Ravager x3  
  81  7:00  Overlord x7  
  90  7:09  Overlord  
  90  7:19  Roach x10  
  110  7:24  Glial Reconstitution, Zerg Missile Weapons Level 2, Zerg Ground Armor Level 2  
  112  7:30  Roach x3  
  116  7:46  Roach x7  
  130  8:12  Drone  
  131  8:15  Drone x2  
  133  8:27  Roach x2  
  133  8:28  Roach x4  
  142  8:39  Hatchery  
  142  8:40  Extractor  
  140  8:43  Extractor  
  139  8:50  Drone x7  
  139  8:51  Infestation Pit  
  139  8:55  Drone  
  146  9:00  Overlord x5  
  146  9:01  Overlord x2  
  146  9:30  Ravager x6  
  146  9:31  Ravager x17  
  169  9:40  Spore Crawler  
  169  9:41  Spore Crawler  
  169  9:42  Spore Crawler  
  166  9:51  Hive  
  161  10:20  Drone x5  
  166  10:26  Spore Crawler  
  166  10:28  Spore Crawler  
  164  10:31  Infestation Pit  
  164  10:33  Spore Crawler  
  158  10:47  Drone x2  
  158  10:48  Drone x3  
  158  10:49  Drone x2  
  160  10:50  Drone x6  
  164  11:00  Overlord  
  164  11:02  Overlord  
  164  11:06  Spore Crawler  
  164  11:09  Spore Crawler x2  
  164  11:10  Spore Crawler  
  160  11:11  Spore Crawler  
  160  11:12  Spore Crawler  
  160  11:13  Spore Crawler  
  155  11:52  Spore Crawler  
  155  11:53  Drone  
  155  11:54  Drone x7  
  162  11:55  Drone x2  
  164  12:06  Queen  
  166  12:11  Extractor  
  166  12:12  Hatchery  
  164  12:15  Drone  
  164  12:16  Drone x2  
  167  12:23  Spine Crawler  
  167  12:24  Spine Crawler x2  
  167  12:25  Spine Crawler  
  163  12:35  Extractor  
  162  12:38  Zerg Missile Weapons Level 3, Roach Warren, Zerg Ground Armor Level 3  
  161  12:47  Burrow  
  161  13:02  Drone  
  161  13:03  Drone  
  163  13:18  Drone x5  
  163  13:19  Drone  
  169  13:26  Spine Crawler  
  168  13:27  Spine Crawler  
  168  13:28  Spine Crawler  
  168  13:32  Spore Crawler x2  
  165  13:35  Spore Crawler  
  165  13:38  Roach x9  
  183  13:41  Ravager x2  
  183  13:44  Tunneling Claws  
  184  14:07  Extractor  
  184  14:08  Hatchery  
  182  14:10  Extractor, Spore Crawler  
  182  14:13  Drone x3  
  182  14:14  Spore Crawler  
  138  14:31  Roach  
  138  14:32  Roach x10  
  151  14:39  Roach x5  
  158  14:55  Roach  
  158  14:56  Roach x15  
  153  15:00  Ravager x5  
  153  15:02  Ravager x3  
  153  15:06  Ravager x3  
  158  15:07  Roach  
  158  15:08  Roach x7  
  158  15:10  Ravager x2  
  158  15:11  Ravager x3  
  181  15:21  Roach x4  
  181  15:22  Roach x6  
  193  15:31  Ravager x8  
  198  15:46  Roach x7  
  200  15:51  Ravager x2  
  196  16:13  Roach x2  
  196  16:14  Roach  
  196  16:17  Roach  
  166  16:22  Roach x12  
  166  16:23  Roach x3  
  155  16:35  Ravager x8  
  163  16:44  Ravager x15  
  163  16:46  Roach  
  163  16:47  Roach x9  
  181  17:11  Roach  
  181  17:12  Roach x6  
  181  17:15  Ravager x8  
  200  17:42  Ravager x7  
  199  17:50  Roach  
  199  17:51  Roach x14  
  184  18:03  Roach  
  184  18:04  Roach x5  
  188  18:20  Roach x4  
  188  18:21  Roach x2  
  188  18:25  Ravager x4  
  195  18:53  Roach  
  195  18:54  Roach x3  
  199  18:57  Hatchery  
  199  19:02  Roach x3  
  198  19:03  Roach x2  
  198  19:04  Roach  
  192  19:14  Roach x11  
  195  19:18  Hatchery  
  195  19:20  Roach x5  
  199  19:27  Ravager  
  199  19:30  Roach x23  
Show
View Real Time Build Order
Export as new Build Order

sumu Terran 

Build Orders: Liberator Opening, MMM Bio 

Get SALT Encoding   

  12  0:00  SCV  
  13  0:13  SCV  
  14  0:17  Supply Depot  
  14  0:25  SCV  
  15  0:38  SCV  
  15  0:40  Barracks  
  16  0:45  Refinery  
  16  0:50  SCV  
  17  1:03  SCV  
  18  1:15  SCV  
  19  1:27  SCV  
  19  1:29  Reaper  
  21  1:38  Command Center  
  21  1:47  Orbital Command  
  21  2:01  Marine  
  22  2:09  Factory  
  22  2:10  Supply Depot  
  22  2:12  SCV  
  23  2:32  SCV  
  24  2:39  Barracks  
  24  2:40  Barracks Reactor  
  24  2:44  SCV  
  24  2:49  Refinery  
  25  2:56  SCV  
  25  2:57  Hellion  
  28  3:00  Orbital Command  
  28  3:04  Bunker  
  28  3:08  SCV  
  29  3:18  Marine x2  
  31  3:20  SCV  
  31  3:21  Hellion  
  34  3:30  Barracks Tech Lab  
  34  3:33  SCV, Starport  
  35  3:38  Marine x2  
  37  3:49  Supply Depot  
  37  3:50  SCV x2  
  37  3:52  Stimpack  
  39  3:58  Liberator  
  39  4:06  Barracks Reactor  
  39  4:12  Marine  
  39  4:16  Hellion  
  39  4:17  Hellion  
  47  4:23  SCV x2  
  49  4:30  Marine  
  49  4:31  Supply Depot  
  50  4:35  SCV x2  
  52  4:40  Hellion  
  52  4:42  Engineering Bay  
  52  4:44  Supply Depot  
  54  4:49  Barracks  
  54  4:52  SCV, Marine x2  
  59  4:54  Supply Depot  
  59  5:05  Widow Mine x2  
  61  5:11  Starport Reactor  
  61  5:12  SCV x2  
  63  5:18  Marine x3  
  66  5:24  SCV, Supply Depot  
  66  5:25  SCV  
  68  5:29  Supply Depot  
  68  5:33  Terran Infantry Weapons Level 1  
  68  5:35  Marine  
  68  5:36  SCV, Marine, Engineering Bay  
  68  5:37  SCV  
  72  5:49  SCV x2  
  74  5:52  Barracks Reactor  
  74  5:53  Refinery  
  73  5:58  Widow Mine x2, Medivac x2  
  81  6:09  Marine x2  
  81  6:10  Command Center, Combat Shields  
  83  6:13  SCV  
  83  6:18  Supply Depot  
  84  6:35  Marine x2  
  84  6:36  Marine x3  
  86  6:44  SCV  
  86  6:45  SCV  
  88  6:48  Refinery, Medivac x2  
  88  6:52  Marine  
  88  6:53  Marine  
  94  6:55  Marauder, Barracks x2  
  94  6:56  SCV  
  94  6:57  SCV  
  98  7:04  Factory  
  98  7:05  Supply Depot  
  98  7:16  Marauder  
  100  7:38  Barracks  
  100  7:41  Marine x2  
  100  7:42  Marine x3  
  100  7:43  Marauder  
  100  7:44  Barracks Tech Lab  
  107  7:50  Terran Infantry Armor Level 1  
  107  7:59  Marine  
  107  8:04  Marauder  
  98  8:06  Concussive Shells, Barracks Tech Lab  
  98  8:10  Supply Depot  
  98  8:11  Marine x2, Supply Depot  
  98  8:12  Marauder, Marine  
  103  8:16  Factory Tech Lab  
  103  8:17  Marine  
  104  8:24  Supply Depot  
  104  8:25  Marauder  
  106  8:28  Orbital Command  
  106  8:29  SCV  
  106  8:30  SCV  
  106  8:33  Marauder  
  106  8:42  SCV x2  
  108  8:54  SCV x2, Factory Tech Lab  
  108  8:55  Armory  
  110  8:56  Barracks Reactor  
  110  9:15  Siege Tank x2  
  116  9:17  Marauder, Marine x4  
  116  9:18  Marauder x2  
  126  9:27  Medivac x2  
  130  9:32  SCV x3  
  130  9:34  Supply Depot  
  130  9:35  Marine x3  
  136  9:39  Marauder x3  
  142  10:00  Marauder  
  137  10:11  Marine x3  
  137  10:12  Marauder x2, Marine  
  137  10:13  Siege Tank x2  
  148  10:14  SCV  
  149  10:22  Marauder  
  151  10:28  Terran Infantry Weapons Level 2  
  151  10:29  Terran Infantry Armor Level 2  
  151  10:33  Marauder x2  
  141  10:43  Marauder  
  143  10:50  Marine x5  
  143  10:51  Marine  
  143  10:54  Marine x2, Siege Tank  
  152  11:04  Marine  
  152  11:07  SCV x2  
  152  11:08  Marine x2  
  157  11:17  Supply Depot  
  157  11:19  Supply Depot x2  
  157  11:21  Marine x3  
  157  11:22  Refinery  
  150  11:40  Marine x2  
  150  11:41  Marauder, Marine x2  
  150  11:42  Medivac x2  
  150  11:43  Siege Tank  
  163  11:50  Command Center  
  163  11:56  SCV x2  
  165  12:04  Marine x3, Siege Tank  
  165  12:05  Marauder x3, Marine  
  178  12:14  Supply Depot  
  178  12:15  Siege Tank  
  181  12:23  Missile Turret  
  181  12:24  Terran Vehicle Weapons Level 1  
  181  12:26  Marauder x2, Missile Turret  
  185  12:32  Supply Depot  
  185  12:33  Supply Depot  
  185  12:36  Medivac x2  
  189  12:37  Siege Tank  
  192  12:47  Refinery  
  192  12:52  Terran Infantry Weapons Level 3  
  192  12:57  Barracks  
  192  12:59  Barracks  
  192  13:03  Orbital Command  
  192  13:15  Sensor Tower, Terran Infantry Armor Level 3  
  192  13:32  Barracks  
  192  13:33  Barracks x2  
  192  13:43  Siege Tank x2  
  198  14:07  Barracks Tech Lab  
  189  14:36  Marine x3  
  189  14:37  Marauder x4, Marine x3  
  189  14:38  Siege Tank x2  
  188  14:58  Marauder x2  
  171  15:04  Marauder, Marine x3  
  171  15:05  Marauder  
  178  15:10  Medivac x2, Siege Tank x2  
  188  15:19  Marauder  
  179  15:34  Marauder x2, Marine x6  
  179  15:35  Marauder, Marine x3  
  192  15:41  Marauder  
  192  15:42  Siege Tank x2  
  191  15:51  Marine  
  191  15:52  Marine x2  
  191  15:56  Marauder  
  196  16:01  Marauder, Marine x2  
  188  16:29  Orbital Command  
  188  16:33  Siege Tank  
  188  16:34  Siege Tank  
  184  16:50  Marine  
  184  16:51  Marauder x3, Marine x6  
  184  16:52  Marauder  
  196  17:12  Marauder  
  196  17:13  Marine  
  196  17:14  Marine  
  190  17:45  Siege Tank x2  
  173  18:03  Marine x4  
  173  18:04  Marauder x4, Marine x4  
  184  18:25  Marauder x3  
  184  18:26  Marauder  
  179  18:29  Medivac x2  
  179  18:31  Siege Tank x2  
  159  19:02  Command Center  
  159  19:16  Marine x2  
  159  19:17  Marauder x2  
  138  19:19  Marauder x2, Marine x3  
Tags
 
Add a new tag
Caveats
  • Supply blocks, unpowered buildings, or Contaminate may cause inaccurate times.
  • Supply counts are checked every 10 seconds.